 Seeded DCSS version 0.29-a0-490-g77b3608bb8 (webtiles) character file.

Game seed: 14866975127248905972 (custom seed)

13318 Kazon the Cleaver (level 12, -4/100 (108) HPs)
             Began as a Hill Orc Fighter on May 26, 2022.
             Was a High Priest of Beogh.
             Slain by a skeletal warrior
             ... wielding a +1 battleaxe of draining
              (5 damage)
             ... on level 11 of the Dungeon.
             The game lasted 01:09:41 (8563 turns).

Kazon the Cleaver (Hill Orc Fighter)                Turns: 8563, Time: 01:09:41

HP:   -4/100 (108)  AC: 14    Str: 22    XL:     12   Next: 4%
MP:   19/19         EV: 15    Int:  8    God:    Beogh [*****.]
Gold: 945           SH: 10    Dex: 12    Spells: 11/11 levels left

rFire   . . .      SeeInvis .   l - +6 hand axe (venom)
rCold   . . .      Faith    .   c - +0 kite shield
rNeg    . . .      Spirit   .   i - +0 troll leather armour
rPois   .          Reflect  .   e - +0 helmet
rElec   .          Harm     .   a - +0 cloak
rCorr   .          Rampage  .   A - +0 pair of gloves
Will    .....                   V - +0 pair of boots
Stlth   ++........              (no amulet)
HPRegen 1.06/turn               E - +4 ring of protection
MPRegen 0.16/turn               u - +4 ring of evasion

@: drained
A: walk on water
a: Renounce Religion, Smiting, Recall Orcish Followers, Give Item to Named
Follower


You were on level 11 of the Dungeon.
You worshipped Beogh.
Beogh was extremely pleased with you.
You visited 3 branches of the dungeon, and saw 14 of its levels.

You collected 945 gold pieces.

Inventory:

Hand Weapons
 j - a +3 scimitar of flaming
 l - a +6 hand axe of venom (weapon)
 q - a +0 falchion of electrocution
 O - a +2 vorpal long sword
 U - a +2 dagger of venom
 W - a +2 whip of draining
Missiles
 k - 28 poisoned darts
 x - 4 boomerangs (quivered)
 T - a curare-tipped dart
 Y - 3 atropa-tipped darts
Armour
 a - a +0 cloak (worn)
 c - a +0 kite shield (worn)
 e - a +0 helmet (worn)
 i - a +0 troll leather armour (worn)
 A - a +0 pair of gloves (worn)
 H - +0 swamp dragon scales
 K - a +2 ring mail of cold resistance
 L - a +1 scale mail of fire resistance
 V - a +0 pair of boots (worn)
 X - the +0 robe of Hangman {rF+ Regen+ Int+2 Slay-4}
   (You found it on level 9 of the Dungeon)

   Int:       It affects your intelligence (+2).
   Slay:      It affects your accuracy & damage with ranged weapons and melee
   (-4).
   rF:        It protects you from fire.
   Regen:     It increases your rate of health regeneration.
Jewellery
 f - a ring of protection from cold
 u - a +4 ring of evasion (right hand)
 B - a ring of fire
 E - a +4 ring of protection (left hand)
 J - a ring of protection from cold
Wands
 h - a wand of iceblast (20)
 o - a wand of digging (14)
 C - a wand of polymorph (9)
 N - a wand of paralysis (14)
Scrolls
 g - 6 scrolls of teleportation
 n - a scroll of immolation {unknown}
 r - a scroll of fog
 s - a scroll of brand weapon
 t - a scroll of enchant armour {unknown}
 y - 2 scrolls of poison
 Q - 4 scrolls of blinking
 R - 2 scrolls of magic mapping
 S - a scroll of enchant weapon {unknown}
Potions
 b - 3 potions of attraction {unknown}
 d - 3 potions of might
 m - 7 potions of curing {unknown}
 p - 3 potions of lignification
 v - a potion of invisibility
 w - 5 potions of brilliance {unknown}
 z - 4 potions of ambrosia {unknown}
 I - a potion of heal wounds
 M - a potion of berserk rage


   Skills:
 * Level 10.7 Fighting
 + Level 12.0 Axes
 + Level 4.9 Throwing
 + Level 6.3 Armour
 + Level 3.1 Dodging
 + Level 2.0 Stealth
 + Level 6.8 Shields
 * Level 9.6 Invocations
 * Level 7.0 Evocations


You had 11 spell levels left.
You didn't know any spells.
Your spell library contained the following spells:

 Spells                   Type           Power      Damage    Failure   Level
 Magic Dart               Conj           0%         1d3       78%         1
 Scorch                   Fire           0%         2d5       89%         2
 Searing Ray              Conj           0%         2d4       89%         2
 Conjure Flame            Conj/Fire      0%         6-21      98%         3
 Ignite Poison            Fire/Tmut/Pois 0%         N/A       98%         3
 Corpse Rot               Necr/Pois/Air  0%         N/A       100%        4
 Dispel Undead            Necr           0%         3d6       100%        4
 Flame Wave               Conj/Fire      0%         2d4       100%        4
 Fulminant Prism          Conj/Hex       0%         3d6       100%        4
 Sticky Flame             Conj/Fire      0%         2d3       100%        4
 Death Channel            Necr           0%         N/A       100%        6
 Summon Cactus Giant      Summ           0%         N/A       100%        6


Dungeon Overview and Level Annotations

Branches:
Dungeon (11/15)            Temple (0/1) D:6            Lair (2/6) D:10
    Orc (1/2) D:9
  Swamp: Lair:2-4    Shoals: Lair:2-4     Snake: Lair:2-4    Spider: Lair:2-4

Altars:
Ashenzari
Kikubaaqudgha
Makhleb
Nemelex Xobeh
Qazlal
Ru
Sif Muna
Uskayaw
Wu Jian
The Shining One

Shops:
D:9 (*


Message History

* * * LOW HITPOINT WARNING * * *
The skeletal warrior hits your orc wizard with a +1 battleaxe of draining.
The skeletal warrior drains your orc wizard.
You block the skeletal warrior's attack.
Your orc knight roars a battlecry!
Jorge goes into a battle-frenzy!
Gorbash hits the skeletal warrior with a +2 antimagic glaive!!
The skeletal warrior is destroyed!
Beogh accepts your kill.
Your Axes skill increases to level 12!
You hit the skeletal warrior but do no damage.
The skeletal warrior is lightly damaged.
You block the skeletal warrior's attack.
The skeletal warrior closely misses your orc wizard.
Your orc priest miscasts a cantrip.
Gorbash hits the skeletal warrior from afar with a +2 antimagic glaive!
You slash the skeletal warrior!
The skeletal warrior is moderately damaged.
Your orc wizard closely misses the skeletal warrior.
The skeletal warrior barely misses you.
The skeletal warrior hits your orc wizard with a +1 battleaxe of draining.
Your orc wizard dies!
The skeletal warrior closely misses your orc knight.
Gorbash barely misses the skeletal warrior.
Your orc knight hits the skeletal warrior with a +0 flail.
You barely miss the skeletal warrior.
The skeletal warrior is heavily damaged.
Your orc no longer looks unusually strong.
The skeletal warrior completely misses you.
The skeletal warrior closely misses your orc knight.
Unknown command.
You slash the skeletal warrior!
The skeletal warrior is severely damaged.
Your orc knight roars a battlecry!
Your orc goes into a battle-frenzy!
Gorbash closely misses the skeletal warrior.
The skeletal warrior hits you with a +1 battleaxe of draining!
* * * LOW HITPOINT WARNING * * *
You feel drained.
You die...

#...# #..# #...# #..#
#...# #..# #...# #..# #
#...# #..# ###...# #.o#
.
....).#########oo####.<.
###............oo)......
#...........oo@z......
#............o####....
#.............# ..
#.............#
#.............#
#.............#
#.............# #
#.............#
###.............#


You could see a skeletal warrior (ally target), a friendly orc knight (strong),
the friendly Gorbash the orc knight (strong), a friendly orc priest (strong), a
friendly orc wizard (strong, invisible), the friendly Jorge the orc wizard
(strong, invisible, drained) and 3 friendly orcs.

Vanquished Creatures
  A boulder beetle (D:10)
  A two-headed ogre (D:11)
  A cane toad (Lair:1)
  An unseen horror (D:10)
  3 trolls (Orc:1)
  A shadow (D:6)
  7 yaks
  A wyvern (D:7)
  A warg (Orc:1)
  3 water moccasins
  2 orc warriors (Orc:1)
  A sky beast (D:8)
  An ice beast (D:6)
  A black bear (D:5)
  A centaur (D:5)
  3 ogres
  2 phantoms (D:5)
  A kobold brigand (D:8)
  A bullfrog (D:6)
  A necrophage (D:7)
  5 scorpions
  6 wights
  3 howler monkeys
  3 hounds
  2 jellies
  An orc priest (D:5)
  5 iguanas
  4 orc wizards
  Terence (D:3)
  4 gnolls
  7 adders
  A white imp (D:7)
  4 ufetubi
  3 worms
  2 dart slugs (D:5)
  19 orcs
  3 ball pythons
  6 endoplasms
  A giant cockroach (D:4)
  12 goblins
  7 hobgoblins
  8 jackals
  19 kobolds
  3 quokkas
  4 bats
  6 frilled lizards
  4 rats
177 creatures vanquished.

Vanquished Creatures (collateral kills)
  An orc high priest (Orc:1)
  3 skeletal warriors (D:11)
  An obsidian statue (D:11)
  An orc knight (Orc:1)
  An ugly thing (D:11)
  An oklob plant (D:10)
  Maurice (D:10)
  3 cane toads
  Psyche (D:8)
  3 trolls
  A blink frog (Lair:2)
  18 yaks
  3 wyverns
  A vampire (D:9)
  A warg (Orc:1)
  3 water moccasins
  A sky beast (D:7)
  2 orc warriors (Orc:1)
  An ice beast (D:7)
  A black bear (Lair:1)
  2 ogres (Orc:1)
  2 centaurs
  2 kobold brigands
  3 bullfrogs
  A necrophage (D:7)
  7 wights
  2 howler monkeys (D:9)
  2 orc priests (Orc:1)
  An orc wizard (D:9)
  A shadow imp (D:8)
  8 orcs
  7 kobolds
86 creatures vanquished.

Vanquished Creatures (others)
  2 orc priests
  An orc warrior (Orc:1)
  A bullfrog (D:3)
  4 orc wizards
  9 orcs
  3 fungi
  17 plants
37 creatures vanquished.

Grand Total: 300 creatures vanquished

Notes
Turn   | Place    | Note
-------+----------+-------------------------------------------
     0 | D:1      | Kazon the Hill Orc Fighter began the quest for the Orb.
     0 | D:1      | Reached XP level 1. HP: 19/19 MP: 1/1
   164 | D:3      | Reached XP level 2. HP: 27/27 MP: 2/2
   266 | D:3      | Reached XP level 3. HP: 20/33 MP: 3/3
   300 | D:3      | Reached skill level 3 in Axes
   311 | D:3      | Reached XP level 4. HP: 17/40 MP: 4/4
   377 | D:3      | Became a worshipper of Beogh the Brigand
   649 | D:3      | Noticed Terence
   651 | D:3      | Killed Terence
   839 | D:1      | Found a faded altar of an unknown god.
   872 | D:1      | Reached XP level 5. HP: 47/47 MP: 5/5
  1267 | D:1      | Reached * piety under Beogh
  1496 | D:2      | Reached skill level 1 in Invocations
  1943 | D:3      | Found a sacrificial altar of Ru.
  1943 | D:3      | Found a burning altar of Makhleb.
  2185 | D:4      | Reached skill level 5 in Fighting
  2186 | D:4      | Reached skill level 4 in Axes
  2258 | D:4      | Reached XP level 6. HP: 56/56 MP: 6/6
  2263 | D:4      | Reached skill level 1 in Throwing
  2427 | D:4      | Found a stormy altar of Qazlal.
  2443 | D:4      | Reached ** piety under Beogh
  2894 | D:5      | Entered Level 5 of the Dungeon
  2897 | D:5      | You fall into a shaft and drop 3 floors!
  2952 | D:8      | Reached skill level 1 in Evocations
  3069 | D:6      | Noticed Maggie
  3071 | D:6      | Noticed Maggie
  3071 | D:6      | Maggie changed into Maggie the worm
  3077 | D:6      | Killed Maggie the worm
  3141 | D:6      | Noticed a shadow
  3154 | D:6      | Reached skill level 5 in Axes
  3154 | D:6      | Reached XP level 7. HP: 37/62 MP: 9/9
  3159 | D:6      | Killed a shadow
  3277 | D:5      | Reached skill level 1 in Dodging
  3299 | D:5      | Reached skill level 6 in Axes
  3299 | D:5      | Reached XP level 8. HP: 57/71 MP: 10/10
  3403 | D:5      | Reached skill level 7 in Axes
  3507 | D:5      | Reached skill level 5 in Shields
  3538 | D:5      | Reached skill level 8 in Axes
  3684 | D:5      | Reached *** piety under Beogh
  3690 | D:5      | Reached skill level 5 in Invocations
  3690 | D:5      | Reached XP level 9. HP: 56/79 MP: 12/12
  3974 | D:6      | Found a staircase to the Ecumenical Temple.
  4237 | D:6      | Found an ornate altar of the Wu Jian Council.
  4489 | D:7      | Reached skill level 5 in Armour
  4647 | D:7      | Found an ancient bone altar of Kikubaaqudgha.
  4746 | D:8      | Noticed Psyche
  4752 | D:8      | Killed Psyche
  4797 | D:8      | Reached skill level 9 in Axes
  4803 | D:8      | Found a glowing golden altar of the Shining One.
  4921 | D:8      | Reached **** piety under Beogh
  5133 | D:8      | Reached XP level 10. HP: 79/87 MP: 14/14
  5570 | D:9      | Noticed a +0 dagger
  5571 | D:9      | Found a hide-covered altar of Uskayaw.
  5571 | D:9      | Noticed a +0 hand axe
  5595 | D:9      | Identified the +0 robe of Hangman {rF+ Regen+ Int+2 Slay-4}
  5644 | D:9      | Gained Berold as an ally
  5647 | D:9      | Reached skill level 5 in Evocations
  5647 | D:9      | Gained Garbold as an ally
  5794 | D:9      | Found Qiurph's Island Escapes.
  5966 | D:9      | Found Jolaan's Weapon Shop.
  6086 | D:9      | Found a staircase to the Orcish Mines.
  6153 | D:10     | Entered Level 10 of the Dungeon
  6201 | D:10     | Found a shimmering blue altar of Sif Muna.
  6325 | D:10     | Noticed an oklob plant
  6329 | D:10     | Found a staircase to the Lair.
  6335 | D:10     | Killed an oklob plant
  6336 | D:10     | Reached skill level 10 in Axes
  6347 | D:10     | Found a sparkling altar of Nemelex Xobeh.
  6421 | D:10     | Noticed a boulder beetle
  6434 | D:10     | Killed a boulder beetle
  6619 | D:10     | Noticed Maurice
  6627 | D:10     | Killed Maurice
  6628 | D:10     | Reached skill level 1 in Stealth
  6737 | D:10     | Killed an unseen horror
  6737 | D:10     | Gained Borgoth as an ally
  6773 | D:10     | Found a broken altar of Ashenzari.
  6858 | Lair:1   | Entered Level 1 of the Lair of Beasts
  6920 | Lair:1   | Reached XP level 11. HP: 95/97 MP: 17/17
  7052 | Lair:1   | Identified the +1 robe "Ongyn" {rPois Str+2}
  7582 | Lair:2   | Your ally Borgoth died
  7835 | Orc:1    | Entered Level 1 of the Orcish Mines
  7835 | Orc:1    | Noticed an orc high priest
  7844 | Orc:1    | Killed an orc high priest
  7850 | Orc:1    | Reached skill level 11 in Axes
  8003 | Orc:1    | Reached skill level 10 in Fighting
  8085 | Orc:1    | Noticed an orc knight
  8093 | Orc:1    | Killed an orc knight
  8100 | Orc:1    | Reached ***** piety under Beogh
  8270 | D:11     | Noticed Erica
  8272 | D:11     | Noticed Erica
  8272 | D:11     | Erica changed into Erica the troll
  8276 | D:11     | Killed Erica the troll
  8276 | D:11     | Gained Gorbash as an ally
  8288 | D:11     | Gained Jorge as an ally
  8366 | D:11     | Noticed a green ugly thing
  8380 | D:11     | Killed a green ugly thing
  8435 | D:11     | Noticed an obsidian statue
  8446 | D:11     | Killed an obsidian statue
  8522 | D:11     | Noticed a two-headed ogre
  8530 | D:11     | Killed a two-headed ogre
  8542 | D:11     | Noticed a skeletal warrior
  8543 | D:11     | Noticed a skeletal warrior
  8545 | D:11     | Noticed a skeletal warrior
  8545 | D:11     | Noticed a skeletal warrior
  8552 | D:11     | Killed a skeletal warrior
  8555 | D:11     | Killed a skeletal warrior
  8556 | D:11     | Reached XP level 12. HP: 57/108 MP: 19/19
  8556 | D:11     | HP: 4/103 [skeletal warrior/+1 battleaxe of draining (14)]
  8560 | D:11     | Reached skill level 12 in Axes
  8563 | D:11     | HP: 1/103 [skeletal warrior/+1 battleaxe of draining (13)]
  8563 | D:11     | Slain by a skeletal warrior

Illustrated notes

Levels and vault maps discovered:
D:1:      shiori_arrival_maze, layout_basic,
          shapermc_ecumenical_altar_mp_vishouse
D:2:      layout_basic, lightli_corner_chamber
D:3:      layout_basic, gammafunk_temple_overflow_statue,
          wad_floor_pattern_untrapped, serial_bayou_pond_c, uniq_terence
D:4:      layout_basic, grunt_qazlal_clouds, minivault_5
D:5:      minmay_chambers_of_threes, layout_rooms
D:6:      layout_gridville, mainiacjoe_overflow_alcove_1,
          minmay_temple_entry_large_hall, uniq_maggie
D:7:      layout_rooms, nicolae_kikubaaqudgha_miasma_corner, st_stairs_3
D:8:      layout_loops_ring, overflow_temple_1_default, serial_glass,
          glass_columns_a, glass_columns_c, minmay_misc_feat_more_columns,
          uniq_psyche
D:9:      layout_long_grid, dancing_weapons_uskayaw, orc_0_dummy, serial_shops,
          nicolae_shop_bloodbath_and_beyond, nicolae_island_escapes
D:10:     layout_irregular_city, nicolae_sif_muna_condensation,
          lemuel_doored_altar, nicolae_overflow_crystal_walls,
          dpeg_oklobed_lair, uniq_maurice
D:11:     minmay_statue_hallways, layout_long_grid, tso_altar, uniq_erica,
          uniq_lodul, uniq_nergalle
Lair:1:   layout_regular_city, grunt_megastairs_1, serial_bayou_shore_b
Lair:2:   layout_regular_city, minmay_swamp_entry_wisps, pond,
          infiniplex_staircase_pool_2
Orc:1:    layout_diamond_mine

Skill      XL: |  1  2  3  4  5  6  7  8  9 10 11 12 |
---------------+-------------------------------------+-----
Fighting       | 4 5 6 7 8 9 10 | 10.7
Axes           | 3 4 5 6 8 9 10 11 12 | 12.0
Armour         | 4 5 6 |  6.3
Invocations    | 1 2 3 5 6 8 9 |  9.6
Throwing       | 1 2 3 4 |  4.9
Shields        | 4 5 6 |  6.8
Evocations     | 1 2 3 4 5 7 |  7.0
Dodging        | 1 2 3 |  3.1
Stealth        | 1 2 |  2.0

Action                   |  1- 3 |  4- 6 |  7- 9 | 10-12 || total
-------------------------+-------+-------+-------+-------++-------
Melee: War axe           |    42 |    16 |       |       ||    58
       Hand axe          |       |   162 |   194 |   158 ||   514
Throw: Dart              |     4 |    16 |    33 |    28 ||    81
       Stone             |       |    57 |       |     5 ||    62
       Boomerang         |       |       |    12 |     9 ||    21
Invok: Convert to Beogh  |       |     1 |       |       ||     1
       Give Item to Name |       |       |       |     2 ||     2
Evoke: Wand              |       |     3 |     4 |     3 ||    10
  Use: Scroll            |       |     2 |       |    12 ||    14
       Potion            |       |       |       |     1 ||     1
 Stab: Distracted        |       |       |       |     2 ||     2
Armor: Scale mail        |    16 |       |       |       ||    16
       Plate armour      |    14 |    85 |       |       ||    99
       Swamp dragon scal |       |       |    73 |    45 ||   118
       Troll leather arm |       |       |       |    12 ||    12
Dodge: Dodged            |    13 |    45 |    72 |    72 ||   202
Block: Buckler           |    14 |       |       |       ||    14
       Kite shield       |       |    48 |    84 |    64 ||   196

Table legend: (Time is in decaauts)
 A = Elapsed time spent in this place.
 B = Non-inter-level travel time spent in this place.
 C = Inter-level travel time spent in this place.
 D = Time resting spent in this place.
 E = Time spent auto-exploring this place.
 F = Levels seen in this place.
 G = Mean time per level.
                   A        B        C        D        E       F      G
               +--------+--------+--------+--------+--------+-----+--------+
         Total |   8659 |   8319 |    340 |    107 |   1876 |  14 |  618.5 |
       Dungeon |   7513 |   7234 |    279 |    107 |   1774 |  11 |  683.0 |
          Lair |    795 |    734 |     61 |      0 |    102 |   2 |  397.5 |
  Orcish Mines |    350 |    350 |      0 |      0 |      0 |   1 |  350.0 |
               +--------+--------+--------+--------+--------+-----+--------+

Top non-repeatable levels by time:
     D:3: 928 daAuts
     D:8: 903 daAuts
    D:10: 824 daAuts
     D:6: 777 daAuts
     D:9: 762 daAuts
     D:2: 718 daAuts
     D:4: 708 daAuts
  Lair:1: 657 daAuts
     D:1: 620 daAuts
     D:5: 561 daAuts
     D:7: 423 daAuts
   Orc:1: 350 daAuts
    D:11: 285 daAuts
  Lair:2: 137 daAuts
